NCAA
LOUISVILLE CARDINALS @ WEST VIRGINIA MOUNTAINEERS
05/17/2023
 
TOP OF THE 1ST
Louisville Cardinals batting - Pitching for West Virginia Mountaineers : LHP Bob Westfall
Pitching: LHP Bob Westfall
Batting: RHB Billy Noble 0-0: Called Strike
0-1: Called Strike
0-2: Ball
1-2: Ball
2-2: Ball
3-2: Strikes out swinging
Batting: RHB Michael Jones 0-0: Called Strike
0-1: Ball
1-1: Foul Ball, location: 2F
1-2: Strikes out swinging
Batting: LHB Donovan Myers 0-0: Ground out 4-3 (Groundball, 4)
Top of the 1st over - 0 run(s), 0 hit(s), 0 error(s), 0 left on base; Louisville 0 - West Virginia 0
BOTTOM OF THE 1ST
West Virginia Mountaineers batting - Pitching for Louisville Cardinals : LHP Jimmy Taylor
Pitching: LHP Jimmy Taylor
Batting: RHB Von Ford 0-0: Ball
1-0: Called Strike
1-1: SINGLE (Groundball, 56D)
Batting: RHB Scott Mooney 0-0: Ball
Von Ford steals 2nd base
1-0: Ground out 5-3 (Groundball, 15S)
Von Ford to third
Batting: LHB Charlie Hughes 0-0: Ground out 6-3 (Groundball, 6)
Von Ford scores
Batting: LHB Buddy Rice 0-0: Ball
1-0: SINGLE (Line Drive, 6D)
Batting: RHB Bobby Armstrong 0-0: Ball
1-0: Ball
2-0: Swinging Strike
2-1: Fly out, F8 (Flyball, 8LD)
Bottom of the 1st over - 1 run(s), 2 hit(s), 0 error(s), 1 left on base; Louisville 0 - West Virginia 1
TOP OF THE 2ND
Louisville Cardinals batting - Pitching for West Virginia Mountaineers : LHP Bob Westfall
Batting: LHB António Camacho 0-0: Ball
1-0: DOUBLE (Line Drive, 3D)
Batting: RHB Bobby Booker 0-0: Ground out 5-3 (Groundball, 5S)
António Camacho to third
Batting: RHB José González 0-0: Ball
1-0: Swinging Strike
1-1: Swinging Strike
1-2: Foul Ball, location: 2F
1-2: Ball
2-2: Strikes out swinging
Batting: RHB Ronald Clark 0-0: Ball
1-0: Foul Ball, location: 2F
1-1: Swinging Strike
1-2: Ball
2-2: Ball
3-2: Base on Balls
Batting: RHB Clark Greer 0-0: Called Strike
0-1: Ball
1-1: Swinging Strike
1-2: Ball
2-2: Strikes out swinging
Top of the 2nd over - 0 run(s), 1 hit(s), 0 error(s), 2 left on base; Louisville 0 - West Virginia 1
BOTTOM OF THE 2ND
West Virginia Mountaineers batting - Pitching for Louisville Cardinals : LHP Jimmy Taylor
Batting: RHB Bernardo Enríquez 0-0: Swinging Strike
0-1: Fly out, F6 (Popup, 6M)
Batting: RHB Ramón Aranda 0-0: Foul Ball, location: 2F
0-1: SOLO HOME RUN (Flyball, 89XD), Distance : 385 ft
Batting: LHB John Stone 0-0: Ball
1-0: Swinging Strike
1-1: Ball
2-1: Called Strike
2-2: Ball
3-2: Base on Balls
Batting: RHB Cal Dorsey 0-0: Ball
1-0: Ball
John Stone steals 2nd base
2-0: Called Strike
John Stone is caught stealing 3rd base
2-1: Called Strike
2-2: Strikes out swinging
Bottom of the 2nd over - 1 run(s), 1 hit(s), 0 error(s), 0 left on base; Louisville 0 - West Virginia 2
TOP OF THE 3RD
Louisville Cardinals batting - Pitching for West Virginia Mountaineers : LHP Bob Westfall
Batting: LHB Evan Díaz 0-0: Called Strike
0-1: DOUBLE (Flyball, 89M)
Batting: RHB Billy Noble 0-0: Called Strike
0-1: Ball
1-1: Swinging Strike
1-2: Foul Ball, location: 2F
1-2: Fly out, F7 (Line Drive, 7S)
Batting: RHB Michael Jones 0-0: Ball
1-0: Foul Ball, location: 2F
1-1: Swinging Strike
1-2: Ball
2-2: Ball
3-2: Foul Ball, location: 2F
3-2: Base on Balls
Batting: LHB Donovan Myers 0-0: Ball
1-0: Called Strike
1-1: Ball
2-1: Ball
3-1: 3-RUN HOME RUN (Flyball, 89XD), Distance : 376 ft
Batting: LHB António Camacho 0-0: Ball
1-0: Swinging Strike
1-1: Fly out, F7 (Flyball, 7S)
Batting: RHB Bobby Booker 0-0: Called Strike
0-1: Ball
1-1: Fly out, F7 (Flyball, 7D)
Top of the 3rd over - 3 run(s), 2 hit(s), 0 error(s), 0 left on base; Louisville 3 - West Virginia 2
BOTTOM OF THE 3RD
West Virginia Mountaineers batting - Pitching for Louisville Cardinals : LHP Jimmy Taylor
Batting: RHB Von Ford 0-0: Ball
1-0: Foul Ball, location: 2F
1-1: Called Strike
1-2: Ball
2-2: Ball
3-2: Foul Ball, location: 2F
3-2: Fly out, F7 (Flyball, 78M)
Batting: RHB Scott Mooney 0-0: Foul Ball, location: 2F
0-1: Called Strike
0-2: SINGLE (Groundball, 56D)
Batting: LHB Charlie Hughes 0-0: Ball
Scott Mooney steals 2nd base
1-0: Foul Ball, location: 2F
1-1: Ball
2-1: Foul Ball, location: 2F
2-2: Ball
3-2: Base on Balls
Batting: LHB Buddy Rice 0-0: Called Strike
0-1: Foul Ball, location: 2F
0-2: Foul Ball, location: 2F
0-2: Foul Ball, location: 2F
0-2: Foul Ball, location: 2F
0-2: Strikes out swinging
Batting: RHB Bobby Armstrong 0-0: Ball
Wild Pitch!
Scott Mooney to third
Charlie Hughes to second
1-0: Foul Ball, location: 2F
1-1: Ball
2-1: Ball
3-1: Base on Balls
Batting: RHB Bernardo Enríquez 0-0: Called Strike
0-1: Ball
1-1: Ball
2-1: Swinging Strike
2-2: Ball
3-2: Foul Ball, location: 2F
3-2: Ground out 4-3 (Groundball, 4MS)
Bottom of the 3rd over - 0 run(s), 1 hit(s), 0 error(s), 3 left on base; Louisville 3 - West Virginia 2
TOP OF THE 4TH
Louisville Cardinals batting - Pitching for West Virginia Mountaineers : LHP Bob Westfall
Batting: RHB José González 0-0: Ball
1-0: Called Strike
1-1: Ball
2-1: Swinging Strike
2-2: Strikes out swinging
Batting: RHB Ronald Clark 0-0: Foul Ball, location: 2F
0-1: Called Strike
0-2: Ball
1-2: Foul Ball, location: 2F
1-2: Foul Ball, location: 2F
1-2: Foul Ball, location: 2F
1-2: Strikes out swinging
Batting: RHB Clark Greer 0-0: Called Strike
0-1: Ball
1-1: Ball
2-1: Swinging Strike
2-2: Strikes out swinging
Top of the 4th over - 0 run(s), 0 hit(s), 0 error(s), 0 left on base; Louisville 3 - West Virginia 2
BOTTOM OF THE 4TH
West Virginia Mountaineers batting - Pitching for Louisville Cardinals : LHP Jimmy Taylor
Batting: RHB Ramón Aranda 0-0: Ball
1-0: Ball
2-0: Hit by Pitch
Batting: LHB John Stone 0-0: Ball
1-0: Ball
2-0: Ball
3-0: Base on Balls
Ramón Aranda to second
Batting: RHB Cal Dorsey 0-0: Called Strike
0-1: Ball
1-1: Called Strike
1-2: Ball
2-2: Ball
3-2: Fly out, F8 (Flyball, 8RS)
Batting: RHB Von Ford 0-0: Called Strike
0-1: Ball
1-1: Foul Ball, location: 2F
1-2: Grounds into double play, U6-3 (Groundball, 6)
Bottom of the 4th over - 0 run(s), 0 hit(s), 0 error(s), 1 left on base; Louisville 3 - West Virginia 2
TOP OF THE 5TH
Louisville Cardinals batting - Pitching for West Virginia Mountaineers : LHP Bob Westfall
Batting: LHB Evan Díaz 0-0: Called Strike
0-1: Foul Ball, location: 2F
0-2: Strikes out swinging
Batting: RHB Billy Noble 0-0: Swinging Strike
0-1: Foul Ball, location: 2F
0-2: Ground out 6-3 (Groundball, 6M)
Batting: RHB Michael Jones 0-0: Ball
1-0: Called Strike
1-1: Called Strike
1-2: Strikes out looking
Top of the 5th over - 0 run(s), 0 hit(s), 0 error(s), 0 left on base; Louisville 3 - West Virginia 2
BOTTOM OF THE 5TH
West Virginia Mountaineers batting - Pitching for Louisville Cardinals : LHP Jimmy Taylor
Batting: RHB Scott Mooney 0-0: Fly out, F8 (Flyball, 89M)
Batting: LHB Charlie Hughes 0-0: Swinging Strike
0-1: Called Strike
0-2: SOLO HOME RUN (Flyball, 78XD), Distance : 375 ft
Pitching: RHP António Aguilar
Batting: LHB Buddy Rice 0-0: Ball
1-0: Foul Ball, location: 2F
1-1: Foul Ball, location: 2F
1-2: Ball
2-2: Ball
3-2: Base on Balls
Batting: RHB Bobby Armstrong 0-0: Ball
1-0: Grounds into double play, 6-4-3 (Groundball, 6)
Bottom of the 5th over - 1 run(s), 1 hit(s), 0 error(s), 0 left on base; Louisville 3 - West Virginia 3
TOP OF THE 6TH
Louisville Cardinals batting - Pitching for West Virginia Mountaineers : LHP Bob Westfall
Pitching: LHP Curt Bennett
Batting: LHB Donovan Myers 0-0: Called Strike
0-1: Swinging Strike
0-2: Ball
1-2: Foul Ball, location: 2F
1-2: SINGLE (Flyball, 6MD)
Batting: LHB António Camacho 0-0: Ball
1-0: Foul Ball, location: 2F
1-1: Fly out, F5 (Popup, 5DF)
Batting: RHB Bobby Booker 0-0: Called Strike
0-1: Foul Ball, location: 2F
0-2: Ball
1-2: SINGLE (Line Drive, 7M)
Donovan Myers to second
Batting: RHB José González 0-0: Called Strike
0-1: Swinging Strike
0-2: Strikes out swinging
Batting: RHB Ronald Clark 0-0: Ball
1-0: Ball
2-0: Ball
3-0: Base on Balls
Donovan Myers to third
Bobby Booker to second
Batting: RHB Clark Greer 0-0: Ball
1-0: SINGLE (Flyball, 8LS)
Donovan Myers scores
Bobby Booker to third
Ronald Clark to second
Runner from 3rd tries for Home, SAFE, no throw or cutoff
Batting: LHB Evan Díaz 0-0: Called Strike
0-1: Foul Ball, location: 2F
0-2: Ball
1-2: Foul Ball, location: 2F
1-2: Foul Ball, location: 2F
1-2: Foul Ball, location: 2F
1-2: Hit by Pitch
Ronald Clark to third
Clark Greer to second
Pitching: RHP David Robbins
Batting: RHB Billy Noble 0-0: Ball
1-0: Ball
2-0: Swinging Strike
2-1: Foul Ball, location: 2F
2-2: Foul Ball, location: 2F
2-2: Ball
3-2: Strikes out swinging
Top of the 6th over - 2 run(s), 3 hit(s), 0 error(s), 3 left on base; Louisville 5 - West Virginia 3
BOTTOM OF THE 6TH
West Virginia Mountaineers batting - Pitching for Louisville Cardinals : RHP António Aguilar
Batting: RHB Bernardo Enríquez 0-0: Ball
Single, Error in OF, E8, batter to second base
Batting: RHB Ramón Aranda 0-0: Called Strike
0-1: Ball
1-1: Ball
2-1: Foul Ball, location: 2F
2-2: Ball
3-2: Strikes out looking
Batting: LHB John Stone 0-0: Ball
1-0: Ball
Wild Pitch!
Bernardo Enríquez to third
2-0: Swinging Strike
2-1: Ball
3-1: Foul Ball, location: 2F
3-2: Base on Balls
Batting: RHB Cal Dorsey 0-0: Called Strike
0-1: Called Strike
0-2: Fielders Choice at 2nd, 6-4 (Groundball, 6)
Bernardo Enríquez scores
Batting: RHB Von Ford 0-0: Foul Ball, location: 2F
0-1: Fly out, F6 (Popup, 6MD)
Bottom of the 6th over - 1 run(s), 1 hit(s), 1 error(s), 1 left on base; Louisville 5 - West Virginia 4
TOP OF THE 7TH
Louisville Cardinals batting - Pitching for West Virginia Mountaineers : RHP David Robbins
Batting: RHB Michael Jones 0-0: Ball
1-0: Foul Ball, location: 2F
1-1: Ball
2-1: Ball
3-1: Base on Balls
Batting: LHB Donovan Myers 0-0: Foul Ball, location: 2F
0-1: Ball
1-1: Foul Ball, location: 2F
1-2: Strikes out looking
Batting: LHB António Camacho 0-0: Called Strike
0-1: Ball
1-1: Ball
2-1: Ball
3-1: Fly out, F5 (Popup, 5DF)
Batting: RHB Bobby Booker 0-0: Swinging Strike
0-1: Ball
1-1: Ball
2-1: Ball
3-1: Foul Ball, location: 2F
3-2: Foul Ball, location: 2F
3-2: Foul Ball, location: 2F
3-2: Ground out 5-3 (Groundball, 56)
Top of the 7th over - 0 run(s), 0 hit(s), 0 error(s), 1 left on base; Louisville 5 - West Virginia 4
BOTTOM OF THE 7TH
West Virginia Mountaineers batting - Pitching for Louisville Cardinals : RHP António Aguilar
Pitching: RHP Álex Gutiérrez
Batting: RHB Scott Mooney 0-0: Called Strike
0-1: SINGLE (Line Drive, 4D)
Batting: LHB Charlie Hughes 0-0: Ball
1-0: Ball
2-0: Called Strike
2-1: Called Strike
2-2: Grounds into double play, 6-4-3 (Groundball, 6)
Batting: LHB Buddy Rice 0-0: Ball
1-0: Foul Ball, location: 2F
1-1: Foul Ball, location: 2F
1-2: Ball
2-2: Foul Ball, location: 2F
2-2: Strikes out swinging
Bottom of the 7th over - 0 run(s), 1 hit(s), 0 error(s), 0 left on base; Louisville 5 - West Virginia 4
TOP OF THE 8TH
Louisville Cardinals batting - Pitching for West Virginia Mountaineers : RHP David Robbins
Batting: RHB José González 0-0: Called Strike
0-1: Called Strike
0-2: Ball
1-2: Ball
2-2: Strikes out looking
Batting: RHB Ronald Clark 0-0: Ball
1-0: Ball
2-0: Ball
3-0: Base on Balls
Pinch Hitting: RHB Gabriel Méndez 0-0: Ball
1-0: Called Strike
1-1: Ball
2-1: Foul Ball, location: 2F
2-2: Fly out, F8 (Flyball, 8LM)
Batting: LHB Evan Díaz 0-0: Ball
1-0: Ball
2-0: Called Strike
2-1: Ball
3-1: Foul Ball, location: 2F
3-2: SINGLE (Line Drive, 89M)
Ronald Clark to second
Ronald Clark to third
Pinch Hitting: RHB Zach O'Neill 0-0: Ball
1-0: Ball
2-0: Ball
3-0: Called Strike
3-1: Base on Balls
Evan Díaz to second
Pitching: RHP Mitch Boden
Batting: RHB Michael Jones 0-0: Swinging Strike
0-1: Ball
1-1: Foul Ball, location: 2F
1-2: DOUBLE (Flyball, 89D)
Ronald Clark scores
Evan Díaz scores
Zach O'Neill to third
Runner from 3rd tries for Home, SAFE, no throw or cutoff
Batting: LHB Donovan Myers 0-0: Ground out 4-3 (Groundball, 34)
Top of the 8th over - 3 run(s), 2 hit(s), 0 error(s), 1 left on base; Louisville 8 - West Virginia 4
BOTTOM OF THE 8TH
West Virginia Mountaineers batting - Pitching for Louisville Cardinals : RHP Álex Gutiérrez
Now at 2B: John Beach
Now in RF: Zach O'Neill
Batting: RHB Bobby Armstrong 0-0: Ball
1-0: Swinging Strike
1-1: Ground out 1-3 (Groundball, 15)
Batting: RHB Bernardo Enríquez 0-0: Foul Ball, location: 2F
0-1: Foul Ball, location: 2F
0-2: Ball
1-2: Ball
2-2: Foul Ball, location: 2F
2-2: Foul Ball, location: 2F
2-2: Ball
3-2: Base on Balls
Batting: RHB Ramón Aranda 0-0: Called Strike
0-1: Called Strike
0-2: Foul Ball, location: 2F
0-2: Ball
1-2: Foul Ball, location: 2F
1-2: Ball
2-2: Grounds into double play, 5-4-3 (Groundball, 56)
Bottom of the 8th over - 0 run(s), 0 hit(s), 0 error(s), 0 left on base; Louisville 8 - West Virginia 4
TOP OF THE 9TH
Louisville Cardinals batting - Pitching for West Virginia Mountaineers : RHP Mitch Boden
Batting: LHB António Camacho 0-0: Ball
1-0: Fly out, F9 (Flyball, 89M)
Batting: RHB Bobby Booker 0-0: Called Strike
0-1: Ball
1-1: Foul Ball, location: 2F
1-2: Ball
2-2: Ball
3-2: Foul Ball, location: 2F
3-2: Base on Balls
Batting: RHB José González 0-0: Ball
1-0: Ball
2-0: SINGLE (Flyball, 7S)
Bobby Booker to second
Batting: RHB Ronald Clark 0-0: Grounds into double play, U4-3 (Groundball, 4)
Top of the 9th over - 0 run(s), 1 hit(s), 0 error(s), 1 left on base; Louisville 8 - West Virginia 4
BOTTOM OF THE 9TH
West Virginia Mountaineers batting - Pitching for Louisville Cardinals : RHP Álex Gutiérrez
Batting: LHB John Stone 0-0: Ball
1-0: Ball
2-0: Foul Ball, location: 2F
2-1: Foul Ball, location: 2F
2-2: Ball
3-2: SINGLE (Groundball, 56D)
Batting: RHB Cal Dorsey 0-0: Grounds into double play, 1-6-3 (Groundball, 13S)
Batting: RHB Von Ford 0-0: Swinging Strike
0-1: Foul Ball, location: 2F
0-2: Foul Ball, location: 2F
0-2: Foul Ball, location: 2F
0-2: Ball
1-2: SINGLE (Line Drive, 8LS)
Pitching: LHP Frank Simmons
Batting: RHB Scott Mooney 0-0: Called Strike
0-1: Hit by Pitch
Von Ford to second
Pitching: LHP Alberto Torres
Batting: LHB Charlie Hughes 0-0: Foul Ball, location: 2F
0-1: Ball
1-1: Ball
2-1: Ball
3-1: Foul Ball, location: 2F
3-2: Base on Balls
Von Ford to third
Scott Mooney to second
Batting: LHB Buddy Rice 0-0: Ball
1-0: Fly out, F8 (Flyball, 78S)
Bottom of the 9th over - 0 run(s), 2 hit(s), 0 error(s), 3 left on base; Louisville 8 - West Virginia 4
This league is powered by Out of the Park Baseball, the baseball management simulation game for PC, Mac and Linux
Wednesday, December 2nd, 2015 - OOTP Baseball 16.8 Build 38